AoeStats
← THL

Arabia

510533587Analyzed
1v1 RM · 7h ago on Oct 1, 2026· 41m 44s· 2 players
Game mode
Random Map
Map size
Tiny (2 player)
Population
200
Speed
Normal
Resources
Standard
Victory
Conquest
Starting age
Dark Age
Ending age
Imperial Age
RankedLock teamsTeams togetherTeam positionsShared explorationLock speedFull tech treeHidden civsTurbo modeCheats
Victory
Defeat
🇻🇳 Magyars · Vietnam
1794
+14
1751
-14
爱种田的太奶
6:08 Loom
8:47 Feudal Age
10:15 Double-Bit Axe
11:16 Horse Collar
19:47 Castle Age
18:01 Fletching
18:13 Gold Mining
18:49 Scale Barding Armor
19:19 Bloodlines
20:56 Bow Saw
23:42 Elite Skirmisher
24:19 Bodkin Arrow
24:42 Padded Archer Armor
26:07 Leather Archer Armor
33:33 Town Watch
34:23 Wheelbarrow
37:47 Imperial Age
35:21 Stone Mining
37:02 Hand Cart
38:06 Chain Barding Armor
37:48 Husbandry
39:38 Plate Barding Armor
38:26 Heavy Camel Rider
39:58 Bracer
40:29 Ring Archer Armor
40:43 Conscription
41:34 Ballistics
THL
6:32 Loom
8:56 Feudal Age
11:05 Double-Bit Axe
12:55 Horse Collar
18:19 Fletching
19:05 Padded Archer Armor
22:49 Castle Age
21:54 Gold Mining
22:50 Crossbowman
23:26 Bodkin Arrow
23:41 Bow Saw
25:49 Ballistics
26:44 Leather Archer Armor
31:40 Wheelbarrow
31:51 Scale Barding Armor
37:35 Imperial Age
36:34 Hand Cart
36:57 Bloodlines
36:48 Husbandry
38:01 Chain Barding Armor
38:54 Bracer
39:31 Plate Barding Armor
39:26 Ring Archer Armor
40:03 Chemistry
39:27 Thumb Ring
39:48 Parthian Tactics
40:11 Gold Shaft Mining
40:18 Heavy Cavalry Archer
41:14 Light Cavalry
Connection lost

Rejoining the realm…

Still unreachable

The connection could not be restored.

Session expired

The server has moved on; the page needs a fresh start.